 Dungeon Crawl Stone Soup version 0.29-a0-925-g0a7a3d12f8 (webtiles) character file.

Game seed: 11837602996585365832

21 wilfster70 the Trooper (level 2, -5/24 HPs)
             Began as a Demonspawn Berserker on July 29, 2022.
             Was a Follower of Trog.
             Slain by a gnoll
             ... wielding a +0 spear
              (6 damage)
             ... on level 1 of the Dungeon.
             The game lasted 00:01:34 (792 turns).

wilfster70 the Trooper (Demonspawn Berserker)        Turns: 792, Time: 00:01:34

Health: -5/24      AC:  2    Str: 17    XL:     2   Next: 65%
Magic:  2/2        EV: 12    Int:  8    God:    Trog [*.....]
Gold:   61         SH:  0    Dex: 12    Spells: 1/1 levels left

rFire   . . .      SeeInvis .   a - +0 spear
rCold   . . .      Faith    .   (no shield)
rNeg    . . .      Spirit   .   b - +0 animal skin
rPois   .          Reflect  .   (no helmet)
rElec   .          Harm     .   (no cloak)
rCorr   .          Rampage  .   (no gloves)
Will    .....                   (no boots)
Stlth   +.........              (no amulet)
HPRegen 0.08/turn               (no ring)
MPRegen 0.08/turn               (no ring)

@: on berserk cooldown, slowed, very slow
A: demonic magic 1
a: Renounce Religion, Berserk


You were on level 1 of the Dungeon.
You worshipped Trog.
Trog was aware of your devotion.
You visited 1 branch of the dungeon, and saw 1 of its levels.

You collected 61 gold pieces.

Inventory:

Hand Weapons
 a - a +0 spear (weapon)
Missiles
 c - a throwing net (quivered)
Armour
 b - a +0 animal skin (worn)
Potions
 d - a potion of lignification {unknown}


   Skills:
 + Level 3.2 Fighting
 * Level 3.2 Polearms
 + Level 2.1 Armour
 - Level 1.7 Dodging


You had one spell level left.
You didn't know any spells.
Your spell library was empty.

Dungeon Overview and Level Annotations

Branches:
Dungeon (1/15)

Altars:


Innate Abilities, Weirdness & Mutations

Spells you cast may paralyse adjacent enemies.


Message History

You barely miss the jackal.
The jackal is moderately wounded.
The jackal bites you.
You hit the jackal.
You kill the jackal!
Trog accepts your kill.
You closely miss the jackal. The jackal misses you.
You closely miss the jackal. The jackal misses you.
You puncture the jackal!
You kill the jackal!
Trog accepts your kill.
Things that are here:
a jackal corpse; a giant cockroach corpse You feel a strong urge to attack something.
You feel your anger nearly subside.
You are no longer berserk.
You are exhausted.
You feel yourself slow down.
d - a pink potion A gnoll comes into view.
It is wielding a +0 spear.
The gnoll shouts!
The gnoll hits you from afar with a +0 spear.
A hobgoblin comes into view.
The gnoll hits you but does no damage.
The hobgoblin moves out of view.
The gnoll hits you with a +0 spear.
Things that are here:
a jackal corpse; a giant cockroach corpse You hit the gnoll.
The gnoll is moderately wounded.
The gnoll closely misses you. x2
You hit the gnoll but do no damage.
The gnoll is moderately wounded.
The gnoll completely misses you.
You barely miss the gnoll.
The gnoll is moderately wounded.
The gnoll hits you with a +0 spear!
* * * LOW HITPOINT WARNING * * *
You barely miss the gnoll.
The gnoll is moderately wounded.
The gnoll hits you with a +0 spear.
You die...

#..## .# #.#.
#..##### .####. ..###
####......#####......
... #.
#......†...........(.
### #.#
#.##.####..[.......#
#. #.##.#
#..#....##.## #
#.##.# #..#.........
#.##.# #..#.#####.##
#.##.# #..#@# #
#####.##.# #..#g#
......##.##[.....#
####### #.#....# #
#..... ....)..
#........ #########


You could see a gnoll.

Vanquished Creatures
  A giant cockroach (D:1)
  3 goblins (D:1)
  A hobgoblin (D:1)
  4 jackals (D:1)
  A kobold (D:1)
  4 bats (D:1)
  4 frilled lizards (D:1)
  A rat (D:1)
19 creatures vanquished.

Notes
Turn   | Place    | Note
-------+----------+-------------------------------------------
     0 | D:1      | wilfster70 the Demonspawn Berserker began the quest for the
                  | Orb.
     0 | D:1      | Reached XP level 1. HP: 18/18 MP: 1/1
   243 | D:1      | Gained mutation: Spells you cast may paralyse adjacent
                  | enemies. [demonic ancestry]
   243 | D:1      | Reached XP level 2. HP: 24/24 MP: 2/2
   791 | D:1      | HP: 1/24 [gnoll/+0 spear (8)]
   792 | D:1      | Slain by a gnoll

Illustrated notes

Levels and vault maps discovered:
D:1:      erik_arrival_triangle_large, layout_loops_ring

Skill      XL: |  1 |
---------------+----+-----
Polearms       | 3 |  3.2
Armour         | 2 |  2.1
Fighting       | |  3.2
Dodging        | |  1.7

Action                   || total
-------------------------++-------
Melee: Spear             ||    72
       Punch             ||     1
Invok: Berserk           ||     3
  Use: Scroll            ||     1
 Stab: Sleeping          ||     1
Armor: Animal skin       ||    14
Dodge: Dodged            ||    40

Table legend: (Time is in decaauts)
 A = Elapsed time spent in this place.
 B = Non-inter-level travel time spent in this place.
 C = Inter-level travel time spent in this place.
 D = Time resting spent in this place.
 E = Time spent auto-exploring this place.
 F = Levels seen in this place.
 G = Mean time per level.
                   A        B        C        D        E       F      G
               +--------+--------+--------+--------+--------+-----+--------+
         Total |    798 |    798 |      0 |    283 |    279 |   1 |  798.0 |
       Dungeon |    798 |    798 |      0 |    283 |    279 |   1 |  798.0 |
               +--------+--------+--------+--------+--------+-----+--------+

Top non-repeatable levels by time:
     D:1: 798 daAuts
